Map: New Repugnancy LE

Players

Zanster

  • Race: Zerg Zerg
  • Spawn Location: 1:00

soO - Winner!

  • Race: Zerg Zerg
  • Spawn Location: 7:00

Event: HomeStory Cup XIX

VOD

Have the link to the VOD?

Description

Time

  • Played on: June 28, 2019, 1:59 p.m.
  • Length: 7:28

All games in this series

Show
View Real Time Build Order
Export as new Build Order

Zanster Zerg 

Build Orders: Pool First 

Get SALT Encoding   

  12  0:01  Drone  
  13  0:13  Overlord  
  13  0:20  Drone  
  14  0:31  Drone  
  14  0:32  Drone  
  16  0:41  Spawning Pool  
  15  0:44  Drone  
  15  0:48  Drone  
  17  0:57  Drone  
  18  1:13  Hatchery  
  18  1:15  Extractor  
  16  1:29  Zergling x6  
  16  1:32  Queen  
  21  1:40  Drone  
  22  1:51  Overlord  
  22  2:09  Queen  
  22  2:10  Drone  
  22  2:12  Drone  
  26  2:18  Metabolic Boost  
  26  2:23  Drone  
  26  2:25  Drone  
  28  2:34  Drone  
  28  2:35  Drone  
  32  2:43  Zergling x4  
  31  2:45  Drone, Queen  
  32  2:52  Overlord  
  32  2:53  Drone  
  33  3:03  Zergling x4  
  35  3:10  Evolution Chamber  
  34  3:14  Zergling x4  
  34  3:19  Zergling x6  
  42  3:20  Zergling x6  
  42  3:26  Zergling x4  
  44  3:32  Roach Warren  
  43  3:37  Overlord  
  37  3:53  Zergling x6  
  41  3:55  Zergling x8  
  39  4:16  Roach x5  
  49  4:22  Roach  
  50  4:27  Zerg Missile Weapons Level 1  
  50  4:29  Overlord  
  50  4:39  Evolution Chamber  
  50  4:42  Drone x2  
  51  4:49  Extractor x2  
  51  4:50  Drone x2  
  51  4:51  Drone  
  52  4:56  Drone  
  52  4:57  Drone  
  54  5:01  Drone  
  54  5:03  Drone  
  54  5:06  Drone  
  56  5:07  Drone  
  56  5:16  Lair  
  56  5:18  Drone x2  
  57  5:26  Drone x2  
  59  5:32  Overlord x2  
  59  5:51  Drone x5  
  59  5:53  Drone  
  59  5:55  Hatchery  
  59  5:56  Drone  
  65  6:00  Drone x3  
  61  6:11  Roach  
  61  6:12  Roach x3  
  61  6:15  Ravager  
  61  6:16  Ravager  
  61  6:17  Roach  
  61  6:18  Roach  
  70  6:20  Roach  
  70  6:22  Extractor  
  65  6:26  Roach x4  
  65  6:30  Queen  
  65  6:32  Overlord  
  72  6:35  Roach x2  
  74  6:41  Overlord  
  74  6:45  Roach  
  76  6:54  Hatchery  
  76  6:56  Roach x3  
  76  7:00  Roach  
  83  7:06  Roach  
  83  7:07  Overlord  
Show
View Real Time Build Order
Export as new Build Order

soO Zerg - Winner!

Build Orders: Hatch First, Zergling Baneling 

Get SALT Encoding   

  12  0:00  Drone  
  13  0:12  Overlord  
  13  0:17  Drone  
  14  0:30  Drone x2  
  16  0:48  Hatchery  
  15  0:51  Drone  
  15  0:54  Drone  
  17  0:57  Drone  
  18  1:08  Extractor  
  17  1:13  Spawning Pool  
  17  1:17  Drone  
  17  1:20  Drone  
  18  1:27  Drone  
  19  1:39  Drone  
  20  1:49  Overlord  
  20  1:59  Queen x2  
  20  2:00  Drone  
  20  2:01  Drone  
  26  2:08  Metabolic Boost  
  26  2:11  Zergling x4  
  28  2:28  Zergling x4  
  30  2:33  Baneling Nest  
  30  2:35  Zergling x2  
  30  2:36  Drone  
  31  2:43  Queen  
  33  2:47  Overlord  
  33  2:50  Drone  
  34  2:55  Drone x2  
  36  3:15  Zergling x16  
  43  3:21  Overlord  
  43  3:24  Baneling x3  
  43  3:29  Overlord  
  43  3:48  Baneling, Zergling x14  
  41  3:53  Zergling x2  
  41  3:55  Zergling x4  
  42  4:03  Zergling x2  
  42  4:05  Zergling x2  
  42  4:06  Zergling x2  
  42  4:08  Baneling x4, Zergling x2  
  45  4:12  Baneling  
  45  4:14  Drone  
  46  4:19  Drone  
  47  4:27  Drone x4  
  51  4:32  Baneling x2  
  51  4:43  Drone  
  51  4:44  Drone x2  
  51  4:45  Drone  
  55  4:46  Drone  
  56  4:55  Drone x3, Hatchery  
  59  5:06  Zergling x2  
  59  5:08  Hatchery, Roach Warren  
  59  5:09  Extractor  
  59  5:10  Overlord  
  57  5:14  Hatchery  
  57  5:16  Zergling x4  
  57  5:18  Drone  
  57  5:21  Overlord  
  59  5:27  Overlord  
  59  5:30  Drone x2  
  59  5:34  Extractor  
  60  5:41  Drone x2  
  62  5:48  Roach x6  
  73  5:50  Roach  
  75  5:57  Roach  
  75  5:59  Roach  
  75  6:00  Roach, Overlord  
  81  6:11  Roach x2  
  83  6:15  Roach  
  83  6:19  Roach  
  83  6:20  Roach  
  83  6:21  Roach  
  83  6:22  Roach  
  88  6:28  Roach  
  88  6:29  Roach x2  
  93  6:36  Roach  
  93  6:37  Roach  
  94  6:41  Overlord  
  94  6:44  Zergling x6  
  97  6:48  Overlord  
  97  6:56  Baneling x6  
  97  6:59  Overlord  
  97  7:01  Zergling x14  
  104  7:06  Ravager  
  110  7:27  Ravager  
Tags
 
Add a new tag
Caveats
  • Supply blocks, unpowered buildings, or Contaminate may cause inaccurate times.
  • Supply counts are checked every 10 seconds.